 Dungeon Crawl Stone Soup version 0.20.1-1-g8b1a95d (webtiles) character file.

130 digijack the Slasher (level 4, -16/41 HPs)
             Began as a Minotaur Monk on Dec 19, 2017.
             Demolished by an orc warrior
             ... wielding a +0 war axe
              (24 damage)
             ... on level 3 of the Dungeon.
             The game lasted 00:11:07 (1816 turns).

digijack the Slasher (Minotaur Monk)                Turns: 1816, Time: 00:11:07

Health: -16/41     AC:  7    Str: 16    XL:     4   Next: 90%
Magic:  3/3        EV: 14    Int:  7    God:
Gold:   70         SH:  0    Dex: 13    Spells: 3/3 levels left

rFire    . . .     SeeInvis .   i - +0 great sword
rCold    . . .     Gourm    .   (shield currently unavailable)
rNeg     . . .     Faith    .   b - +1 robe
rPois    .         Spirit   .   (helmet restricted)
rElec    .         Reflect  .   (no cloak)
rCorr    .         Harm     .   m - +0 pair of gloves
MR       .....                  (no boots)
Stlth    ++........             g - amulet of regeneration
Regen    0.6/turn               e - +3 ring of protection
MPRegen  0.1/turn               (no ring)

@: no status effects
A: retaliatory headbutt, horns 2
a: no special abilities


You were on level 3 of the Dungeon.
You were not hungry.

You visited 1 branch of the dungeon, and saw 3 of its levels.

You collected 70 gold pieces.

Inventory:

Hand Weapons
 a - a +0 falchion
 i - a +0 great sword (weapon)
 q - a +0 long sword
Armour
 b - a +1 robe (worn)
 m - a +0 pair of gloves (worn)
Jewellery
 e - a +3 ring of protection (left hand)
 g - an amulet of regeneration (around neck)
Wands
 p - a wand of digging (7/24)
Scrolls
 h - 3 scrolls of fog
 j - a scroll of magic mapping
 k - 2 scrolls of teleportation
 l - 2 scrolls of identify
 o - 2 scrolls of remove curse
Comestibles
 c - 3 bread rations
 d - 3 fruits
 f - 3 chunks of flesh
 n - 2 royal jellies


   Skills:
 + Level 4.6 Fighting
 + Level 5.4 Long Blades
 + Level 4.1 Dodging
 - Level 1.5 Stealth


You had 3 spell levels left.
You didn't know any spells.

Dungeon Overview and Level Annotations

Branches:
Dungeon (3/15)

Altars:
Xom


Innate Abilities, Weirdness & Mutations

You reflexively headbutt those who attack you in melee.
You have a pair of horns on your head.


Message History

You slash the orc warrior!
The orc warrior is heavily wounded.
The orc priest mumbles some strange prayers to Beogh against you.
You barely resist. The orc warrior closely misses you. You furiously retaliate!
You headbutt the orc warrior, but do no damage.
The orc priest hits you with a mace.
You hit the orc priest.
You kill the orc priest!
The orc warrior hits you but does no damage.
The orc warrior hits you with a war axe.
You closely miss the orc warrior.
The orc warrior is heavily wounded.
The orc warrior hits you with a war axe!!
Ouch! That really hurt!
* * * LOW HITPOINT WARNING * * *
You closely miss the orc warrior.
The orc warrior is heavily wounded.
The orc warrior hits you with a war axe!!
Ouch! That really hurt!
You die...

........# #..................
........###..#...###.#.#......
............# ...# #.#........
....#.....####...# .(##.......
.................#.## .<...#.
....####.####........ .....#.
.##.......####.....## #..#..
#####..)<##.)...... ......
##)....#@o......
#########......†.##.....
...(................#...
...#####.########..## . ...#
#..# ..... ...# ##.## ......
.#####..# ...... .......##
...... .......# ##..


You could see an orc warrior.

Vanquished Creatures
  An orc priest (D:3)
  4 adders
  A worm (D:2)
  5 dart slugs (D:1)
  4 leopard geckos
  An orc (D:3)
  4 bats
  A giant cockroach (D:3)
  5 goblins
  6 hobgoblins
  2 jackals (D:2)
  3 kobolds
  A quokka (D:2)
  A ball python (D:1)
  5 frilled lizards
  6 rats
50 creatures vanquished.

Notes
Turn   | Place    | Note
-------+----------+-------------------------------------------
     0 | D:1      | digijack the Minotaur Monk began the quest for the Orb.
     0 | D:1      | Reached XP level 1. HP: 19/19 MP: 0/0
   107 | D:1      | Reached XP level 2. HP: 23/27 MP: 1/1
   186 | D:1      | Reached skill level 4 in Long Blades
   806 | D:1      | Reached XP level 3. HP: 32/33 MP: 2/2
  1151 | D:2      | Found a shimmering altar of Xom.
  1426 | D:2      | Reached XP level 4. HP: 41/41 MP: 3/3
  1706 | D:3      | Reached skill level 5 in Long Blades
  1807 | D:3      | Noticed an orc warrior
  1816 | D:3      | Demolished by an orc warrior

Skill      XL: |  1  2  3  4 |
---------------+-------------+-----
Long Blades    | 4 5 |  5.4
Fighting       | 4 |  4.6
Dodging        | 4 |  4.1
Stealth        | |  1.5

Action                   |  1- 3 |  4- 6 || total
-------------------------+-------+-------++-------
Melee: Falchion          |    34 |       ||    34
       Headbutt          |    13 |     7 ||    20
       Great sword       |    33 |    31 ||    64
  Use: Scroll            |     7 |     1 ||     8
       Potion            |     3 |       ||     3
 Stab: Sleeping          |     3 |     1 ||     4
  Eat: Chunk             |     2 |     1 ||     3
Armor: Robe              |    19 |     9 ||    28
Dodge: Dodged            |    52 |    28 ||    80
       Rpst.: Falchion   |     1 |       ||     1
       Great sword       |     7 |     9 ||    16
